 Dungeon Crawl Stone Soup version 0.28.0-43-g3370ac3207 (webtiles) character file.

Game seed: 12689738023161977926

534 Ablot the Grasshopper (level 7, 0/56 HPs)
             Began as a Gnoll Warper on Mar 6, 2022.
             Slain by an iguana (10 damage)
             ... on level 6 of the Dungeon.
             The game lasted 00:05:21 (4846 turns).

Ablot the Grasshopper (Gnoll Warper)                Turns: 4846, Time: 00:05:21

Health: 0/56       AC:  3    Str: 12    XL:     7   Next: 25%
Magic:  13/15      EV: 13    Int: 13    God:
Gold:   207        SH:  0    Dex: 11    Spells: 15/17 levels left

rFire   . . .      SeeInvis .   o - +3 dagger
rCold   . . .      Faith    .   (no shield)
rNeg    . . .      Spirit   .   b - +0 leather armour
rPois   .          Reflect  .   (no helmet)
rElec   .          Harm     .   (no cloak)
rCorr   .          Rampage  .   (no gloves)
Will    .....                   (no boots)
Stlth   ++........              (no amulet)
HPRegen 0.18/turn               (no ring)
MPRegen 0.14/turn               (no ring)

@: no status effects
A: fangs 1, strong nose, distributed training
a: no special abilities


You were on level 6 of the Dungeon.
You visited 1 branch of the dungeon, and saw 6 of its levels.

You collected 207 gold pieces.

Inventory:

Hand Weapons
 a - a +0 spear
 f - a +0 hunting sling
 o - a +3 dagger (weapon)
Missiles
 d - 5 boomerangs of dispersal
 e - 97 stones
 i - 63 arrows
 l - 4 poisoned darts (quivered)
 s - 26 sling bullets
 t - 6 javelins
 u - 6 boomerangs
 z - 43 bolts
Armour
 b - a +0 leather armour (worn)
Scrolls
 c - 2 scrolls of blinking
 h - a scroll of amnesia {unknown}
 m - 3 scrolls of identify {unknown}
 n - a scroll of vulnerability {unknown}
 p - 3 scrolls of teleportation {unknown}
 q - a scroll of noise {unknown}
 v - a scroll of summoning {unknown}
 x - a scroll of enchant armour {unknown}
 y - a scroll of fog {unknown}
Potions
 g - 2 potions of heal wounds {unknown}
 j - a potion of might {unknown}
 k - 3 potions of berserk rage {unknown}
 r - 3 potions of curing
 w - 2 potions of attraction {unknown}


   Skills:
 + Level 5.2 Fighting
 + Level 2.3 Short Blades
 + Level 2.3 Long Blades
 + Level 2.3 Axes
 + Level 2.3 Maces & Flails
 + Level 5.2 Polearms
 + Level 2.3 Staves
 + Level 2.3 Slings
 + Level 2.3 Bows
 + Level 2.3 Crossbows
 + Level 3.5 Throwing
 + Level 3.5 Armour
 + Level 5.2 Dodging
 + Level 2.3 Stealth
 + Level 2.3 Shields
 + Level 2.3 Unarmed Combat
 + Level 5.5 Spellcasting
 + Level 1.9 Conjurations
 + Level 1.9 Hexes
 + Level 1.9 Summonings
 + Level 1.9 Necromancy
 + Level 5.8 Translocations
 + Level 1.9 Transmutations
 + Level 1.9 Fire Magic
 + Level 1.9 Ice Magic
 + Level 1.9 Air Magic
 + Level 1.9 Earth Magic
 + Level 1.9 Poison Magic
 + Level 2.6 Invocations
 + Level 2.3 Evocations


You had 15 spell levels left.
You knew the following spells:

 Your Spells              Type           Power      Damage    Failure   Level
a - Blink                 Tloc           36%        N/A       3%          2

Your spell library contained the following spells:

 Spells                   Type           Power      Damage    Failure   Level
 Gell's Gravitas          Tloc           18%        N/A       6%          3
 Lesser Beckoning         Tloc           18%        N/A       6%          3
 Teleport Other           Tloc           18%        N/A       6%          3
 Manifold Assault         Tloc           18%        N/A       50%         5


Dungeon Overview and Level Annotations

Branches:
Dungeon (5/15)
 Temple: D:4-7

Altars:


Innate Abilities, Weirdness & Mutations

You have very sharp teeth.
Your uncanny sense of smell can sniff out nearby items.
Your experience applies equally to all skills.


Message History

The adder poisons you!
You hit the adder but do no damage. You bite the adder.
The adder is severely wounded.
* * * LOW HITPOINT WARNING * * *
You feel sick. The adder bites you but does no damage.
You hit the adder.
You kill the adder!
* * * LOW HITPOINT WARNING * * *
You feel sick.
Unknown command.
It was a potion of curing.
You feel better.
Unknown command.
Casting: Blink (safe; 3% risk of failure)
Confirm with . or Enter, or press ? or * to list all spells.
You blink.
The iguana hisses menacingly.
Throw: 7 darts (poison)
Press: ? - help, Q - select action, (/) - cycle Shift-Dir - straight line, f - iguana
Aim: an iguana (63% to hit)
You throw a poisoned dart. The poisoned dart hits the iguana.
The iguana is poisoned.
Unknown command.
Throw: 6 darts (poison)
Press: ? - help, Q - select action, (/) - cycle Shift-Dir - straight line, f/p - iguana
Aim: an iguana (lightly wounded, poisoned, 63% to hit)
You throw a poisoned dart. The poisoned dart hits the iguana.
The iguana looks even sicker.
The iguana is lightly wounded.
The iguana bites you.
* * * LOW HITPOINT WARNING * * *
Throw: 5 darts (poison)
Press: ? - help, Q - select action, (/) - cycle Shift-Dir - straight line, f/p - iguana
Aim: an iguana (moderately wounded, very poisoned, 63% to hit)
You throw a poisoned dart. The poisoned dart hits the iguana!
The iguana looks as sick as possible!
The iguana is moderately wounded.
The iguana bites you but does no damage.
You feel stable enough to blink again. The iguana bites you!
You die...

.# #...#. .
..###...... ..
..#.....#
...####.......#
#....#.......#
#...........####
#...............
#.....@......#
#.####.l...#.#
##.(....#
###.(..(..#
#....###.##
.........###
##.# ...###...#
#...# ##...
....... ##...
#..#..###


You could see an iguana (very poisoned).

Vanquished Creatures
  A black bear (D:3)
  A necrophage (D:4)
  A centaur (D:5)
  A scorpion (D:4)
  2 orc priests
  A hound (D:6)
  An iguana (D:4)
  A hound skeleton (D:4)
  4 adders
  2 dart slugs
  3 orcs (D:3)
  3 ball pythons
  3 bats
  5 endoplasms
  2 giant cockroaches
  3 goblins
  6 hobgoblins
  5 jackals
  3 kobolds
  3 quokkas
  8 frilled lizards
  7 rats
66 creatures vanquished.

Notes
Turn   | Place    | Note
-------+----------+-------------------------------------------
     0 | D:1      | Ablot the Gnoll Warper began the quest for the Orb.
     0 | D:1      | Reached XP level 1. HP: 20/20 MP: 6/6
   219 | D:1      | Reached XP level 2. HP: 26/26 MP: 7/7
   222 | D:1      | Learned a level 2 spell: Blink
   770 | D:2      | Reached XP level 3. HP: 23/31 MP: 9/9
   954 | D:2      | Reached skill level 5 in Spellcasting
  1521 | D:3      | Found a faded altar of an unknown god.
  1560 | D:3      | Reached skill level 1 in Invocations
  1605 | D:3      | Noticed a black bear
  1634 | D:3      | Killed a black bear
  1635 | D:3      | Reached skill level 1 in Short Blades
  1635 | D:3      | Reached skill level 1 in Long Blades
  1635 | D:3      | Reached skill level 1 in Axes
  1635 | D:3      | Reached skill level 1 in Maces & Flails
  1635 | D:3      | Reached skill level 1 in Staves
  1635 | D:3      | Reached skill level 1 in Slings
  1635 | D:3      | Reached skill level 1 in Bows
  1635 | D:3      | Reached skill level 1 in Crossbows
  1635 | D:3      | Reached skill level 1 in Stealth
  1635 | D:3      | Reached skill level 1 in Shields
  1635 | D:3      | Reached skill level 1 in Unarmed Combat
  1635 | D:3      | Reached skill level 1 in Conjurations
  1635 | D:3      | Reached skill level 1 in Hexes
  1635 | D:3      | Reached skill level 1 in Summonings
  1635 | D:3      | Reached skill level 1 in Necromancy
  1635 | D:3      | Reached skill level 1 in Transmutations
  1635 | D:3      | Reached skill level 1 in Fire Magic
  1635 | D:3      | Reached skill level 1 in Ice Magic
  1635 | D:3      | Reached skill level 1 in Air Magic
  1635 | D:3      | Reached skill level 1 in Earth Magic
  1635 | D:3      | Reached skill level 1 in Poison Magic
  1635 | D:3      | Reached skill level 1 in Evocations
  1635 | D:3      | Reached XP level 4. HP: 18/38 MP: 11/11
  1635 | D:3      | Reached XP level 5. HP: 20/43 MP: 12/12
  3268 | D:4      | Noticed a necrophage
  3286 | D:4      | Killed a necrophage
  3287 | D:4      | Reached skill level 5 in Fighting
  3287 | D:4      | Reached skill level 5 in Polearms
  3287 | D:4      | Reached skill level 5 in Dodging
  3287 | D:4      | Reached XP level 6. HP: 32/51 MP: 12/14
  3861 | D:4      | HP: 2/51 [iguana (13)]
  4728 | D:5      | Entered Level 5 of the Dungeon
  4728 | D:5      | Noticed a troll
  4752 | D:5      | Reached XP level 7. HP: 28/56 MP: 15/15
  4755 | D:5      | You fall into a shaft and drop 1 floor!
  4846 | D:6      | Slain by an iguana

Illustrated notes

Levels and vault maps discovered:
D:1:      zelgadis_glass_arrival_small, layout_rooms, amethyst_killhole,
          st_stairs_6
D:2:      layout_basic, feat_on_display
D:3:      layout_basic, hellmonk_ecumenical_altar_lost_god
D:4:      layout_loops_ring, minmay_strange_pillars,
          nicolae_concentric_dashed_squares_wild, supply_closet_lemuel
D:5:      layout_basic, temple_hall, chequers_serial_rivers_room_b
D:6:      layout_layer_cave

Skill      XL: |  1  2  3  4  5  6 |
---------------+-------------------+-----
Spellcasting   | 5 |  5.5
Invocations    | 1 2 |  2.6
Short Blades   | 1 2 |  2.3
Long Blades    | 1 2 |  2.3
Axes           | 1 2 |  2.3
Maces & Flails | 1 2 |  2.3
Staves         | 1 2 |  2.3
Slings         | 1 2 |  2.3
Bows           | 1 2 |  2.3
Crossbows      | 1 2 |  2.3
Stealth        | 1 2 |  2.3
Shields        | 1 2 |  2.3
Unarmed Combat | 1 2 |  2.3
Conjurations   | 1 |  1.9
Hexes          | 1 |  1.9
Summonings     | 1 |  1.9
Necromancy     | 1 |  1.9
Transmutations | 1 |  1.9
Fire Magic     | 1 |  1.9
Ice Magic      | 1 |  1.9
Air Magic      | 1 |  1.9
Earth Magic    | 1 |  1.9
Poison Magic   | 1 |  1.9
Evocations     | 1 2 |  2.3
Throwing       | 3 |  3.5
Armour         | 3 |  3.5
Fighting       | 5 |  5.2
Polearms       | 5 |  5.2
Dodging        | 5 |  5.2
Translocations | |  5.8

Action                   |  1- 3 |  4- 6 |  7- 9 || total
-------------------------+-------+-------+-------++-------
Melee: Spear             |    62 |       |       ||    62
       Bite              |     4 |    18 |     2 ||    24
       Dagger            |    33 |   170 |    22 ||   225
       Punch             |     1 |     5 |       ||     6
Throw: Dart              |     9 |    10 |     4 ||    23
       Boomerang         |       |     5 |       ||     5
 Cast: Blink             |       |     5 |     2 ||     7
  Use: Potion            |       |       |     1 ||     1
 Stab: Sleeping          |       |     2 |       ||     2
Armor: Leather armour    |    16 |    23 |     2 ||    41
Dodge: Dodged            |    43 |   110 |    11 ||   164
